 Dungeon Crawl Stone Soup version 0.31-a0-233-g139696dc86 (webtiles) character file.

Game seed: 5363245653726123107

3967 Shard1697 the Fighter (level 10, -8/115 HPs)
             Began as a Djinni Reaver on July 8, 2023.
             Was an Initiate of Gozag.
             Mangled by a wight
             ... wielding a +5 halberd
              (9 damage)
             ... on level 8 of the Dungeon.
             The game lasted 00:13:32 (8265 turns).

Shard1697 the Fighter (Djinni Reaver)               Turns: 8265, Time: 00:13:32

Health: -8/115     AC:  7    Str: 11    XL:     10   Next: 45%
Gold:   457        EV: 11    Int: 20    God:    Gozag SH:  0 Dex: 17

rFire   + + .        a - +7 scimitar (drain)
rCold   x . .        l - orb {guile}
rNeg    . . .        h - +0 ring mail
rPois   ∞            (no helmet)
rElec   .            x - +1 cloak
rCorr   .            (no gloves)
SInv    .            (boots unavailable)
Will    .....        (no amulet) Stlth
                     A - +6 ring of dexterity
HPRegen 0.39/turn    k - +4 ring of slaying
MPRegen 0.00/turn

%: infuse magic (-9 HP)
@: berserking, gold aura, flying, very quick
A: sickness immunity, fire resistance 2, cold vulnerability 1, float, innate
caster, HP casting, extra vitality 1
a: Renounce Religion, Potion Petition, Call Merchant, Bribe Branch


You were on level 8 of the Dungeon.
You worshipped Gozag.
Gozag was aware of your devotion.
You visited 2 branches of the dungeon, and saw 9 of its levels.
You also visited: Ossuary.

You collected 835 gold pieces.
You spent 279 gold pieces at shops.
You paid 99 gold pieces to Gozag.

Inventory:

Hand Weapons
 a - a +7 scimitar of draining (weapon)
 b - a +4 dagger of freezing
 p - a +6 great sword
Armour
 h - a +0 ring mail (worn)
 l - an orb of guile (worn)
 q - a +0 robe of cold resistance
 x - a +1 cloak (worn)
Jewellery
 k - a +4 ring of slaying (right hand)
 A - a +6 ring of dexterity (left hand)
 C - a ring of fire
Scrolls
 s - a scroll of fog
 t - a scroll of poison
 u - a scroll of amnesia
 v - a scroll of teleportation {unknown}
 z - a scroll of vulnerability
 B - a scroll of revelation
Potions
 c - a potion of attraction
 d - a potion of might
 e - 2 potions of curing
 f - a potion of ambrosia
 g - a potion of enlightenment
 i - 4 potions of resistance {unknown}
 j - 2 potions of haste {unknown}
 m - 3 potions of cancellation {unknown}
 n - a potion of lignification
 o - 2 potions of mutation {unknown}
 r - 5 potions of heal wounds {unknown}
 w - 2 potions of brilliance


   Skills:
 * Level 8.9 Fighting
 * Level 8.4 Long Blades
 - Level 2.1 Dodging
 + Level 4.2 Stealth
 + Level 5.3 Spellcasting
 + Level 5.3 Conjurations
 + Level 5.3 Hexes
   Level 0.0 Charms
 + Level 5.3 Summonings
 + Level 5.3 Necromancy
 + Level 5.3 Translocations
 + Level 5.3 Transmutations
 + Level 5.3 Fire Magic
 + Level 5.3 Ice Magic
 + Level 5.3 Air Magic
 + Level 5.3 Earth Magic
 + Level 5.3 Poison Magic


You knew the following spells:

 Your Spells              Type           Power      Damage    Failure   Level
a - Kiss of Death         Conj/Necr      100%       2d13      3%          1
b - Momentum Strike       Conj/Tloc      52%        3d9       4%          2
c - Hailstorm             Conj/Ice       26%        3d7       10%         3
d - Magic Dart            Conj           100%       1d8       3%          1
e - Passwall              Tmut/Erth      21%        N/A       4%          2
f - Animate Armour        Summ/Erth      52%        N/A       30%         4
t - Ensorcelled Hibernat  Hex/Ice        52%        N/A       4%          2
Your spell library was empty.

Dungeon Overview and Level Annotations

Branches:
Dungeon (8/15)             Temple (1/1) D:7         Ossuary (visited)
   Lair: D:8-11

Altars:
Ashenzari
Elyvilon
Fedhas
Gozag
Hepliaklqana
Makhleb
Ru
Trog
Uskayaw
Wu Jian
Xom
The Shining One

Shops:
D:7 *


Innate Abilities, Weirdness & Mutations

You are immune to sickness and miasma.
You are immune to poison.
Your flesh is very heat resistant. (rF++)
You are vulnerable to cold. (rC-)
You float through the air rather than walking.
You learn spells naturally, not from books.
Your magical power is your life essence.
You have superior vitality. (+4 MHP)


Message History

The wight is severely damaged.
The wight barely misses you.
You slash the wight!
You destroy the wight!
You slice the jelly!!
You kill the jelly!
You closely miss the wight. The wight hits you but does no damage.
You slash the wight!
You destroy the wight!
The centaur shoots an arrow.
The arrow misses you.
You barely miss the wight. The wight hits you with a +0 hand axe!
The wight barely misses you.
The centaur shoots an arrow.
The arrow hits you but does no damage.
You slash the wight!
The wight is severely damaged.
The wight hits you with a +0 hand axe!
The wight hits you from afar with a +5 halberd!
The centaur shoots an arrow.
The arrow hits you!
* * * LOW HITPOINT WARNING * * *
The wight attacks as you move away! The wight hits you with a +0 hand axe.
* * * LOW HITPOINT WARNING * * *
The centaur unwields a +0 shortbow.
The centaur hits you.
* * * LOW HITPOINT WARNING * * *
The centaur kicks you but does no damage.
A red film seems to cover your vision as you go berserk!
You feel yourself moving faster!
You feel mighty!
The centaur hits you but does no damage.
The centaur kicks you but does no damage.
The wight hits you with a +0 hand axe.
* * * LOW HITPOINT WARNING * * *
The wight hits you from afar with a +5 halberd.
* * * LOW HITPOINT WARNING * * *
You closely miss the centaur.
The centaur hits you but does no damage.
The centaur kicks you but does no damage.
The wight hits you with a +0 hand axe.
* * * LOW HITPOINT WARNING * * *
The wight hits you from afar with a +5 halberd!
You die...
Your body crumbles into a pile of gold.

#.### #.#
####...# #.#
..###.# #.# #.#
#.# #.#
#.###.###.#
#..##..##.#
#..###.##.#
..#####.........#
#.....c@.###.####
#####.##z# #.# #.
#z# #(# # $ #.#
#.# #.......# #.#
........# #.#
#.......# #.#
###....[. #......


You could see a centaur and 2 wights.

Vanquished Creatures
  A manticore (D:7)
  A wyvern (D:7)
  Menkaure (D:4)
  A water moccasin (D:6)
  Duvessa (D:5)
  3 sky beasts (D:7)
  2 ogres (D:7)
  2 ice beasts
  2 phantoms (D:4)
  An elf zombie (Ossuary)
  Blork the orc (D:5)
  A bullfrog (D:8)
  4 scorpions
  14 wights
  Dowan (D:5)
  A howler monkey (D:2)
  2 centaur zombies (Ossuary)
  A jelly (D:8)
  Crazy Yiuf (D:4)
  2 human zombies (Ossuary)
  5 hounds
  2 orc priests
  2 iguanas (D:5)
  A sleepcap (D:7)
  Natasha (thrice) (D:4)
  11 orc wizards
  3 hound zombies (Ossuary)
  3 mummies (Ossuary)
  10 adders
  A shadow imp (D:7)
  2 white imps (D:6)
  2 adder zombies (Ossuary)
  2 worms (D:2)
  A dart slug (D:2)
  12 orcs
  5 ball pythons
  8 bats
  11 endoplasms
  4 giant cockroaches
  2 gnoll zombies (Ossuary)
  3 goblins
  6 hobgoblins
  5 kobolds
  4 quokkas
  8 frilled lizards
  6 goblin zombies (Ossuary)
  3 hobgoblin zombies (Ossuary)
  4 jackal zombies (Ossuary)
  4 kobold zombies (Ossuary)
  2 orc zombies (Ossuary)
  A quokka zombie (Ossuary)
  6 rats
  4 rat zombies (Ossuary)
189 creatures vanquished.

Vanquished Creatures (others)
  An orc wizard (D:5)
1 creature vanquished.

Grand Total: 190 creatures vanquished

Notes
Turn   | Place    | Note
-------+----------+-------------------------------------------
     0 | D:1      | Shard1697 the Djinni Reaver began the quest for the Orb.
     0 | D:1      | Shard1697 set off with the following spells memorised: Kiss
                  | of Death, Momentum Strike, Hailstorm.
     0 | D:1      | Reached XP level 1. HP: 18/18 MP: 0/0
   134 | D:1      | Reached XP level 2. HP: 22/23 MP: 0/0
   448 | D:1      | Reached XP level 3. HP: 22/29 MP: 0/0
   448 | D:1      | Learned a level 1 spell: Magic Dart
   892 | D:2      | Reached XP level 4. HP: 14/35 MP: 0/0
  1087 | D:2      | Found a hide-covered altar of Uskayaw.
  1879 | D:3      | Reached XP level 5. HP: 37/40 MP: 0/0
  1879 | D:3      | Learned a level 2 spell: Passwall
  2594 | D:4      | Noticed a phantom
  2600 | D:4      | Noticed Menkaure
  2602 | D:4      | Killed a phantom
  2603 | D:4      | Reached XP level 6. HP: 40/47 MP: 0/0
  2608 | D:4      | Killed Menkaure
  2609 | D:4      | Reached XP level 7. HP: 14/53 MP: 0/0
  2609 | D:4      | Learned a level 2 spell: Ensorcelled Hibernation
  2826 | D:4      | Found a runed translucent door.
  2827 | D:4      | Noticed Crazy Yiuf
  2837 | D:4      | Killed Crazy Yiuf
  3068 | D:4      | Reached skill level 5 in Long Blades
  3246 | D:4      | Noticed Natasha
  3255 | D:4      | Killed Natasha
  3256 | D:4      | Reached skill level 5 in Fighting
  3475 | D:4      | Noticed Natasha
  3481 | D:4      | Killed Natasha
  3602 | D:4      | Noticed Natasha
  3607 | D:4      | Killed Natasha
  3661 | D:5      | Entered Level 5 of the Dungeon
  3691 | D:5      | Reached XP level 8. HP: 39/59 MP: 0/0
  3780 | D:5      | Noticed Duvessa
  3781 | D:5      | Noticed Dowan
  3928 | D:4      | Identified 2 scrolls of acquirement
  3928 | D:4      | Acquired 505 gold pieces
  3930 | D:4      | Acquired a +3 scimitar of draining
  4555 | D:5      | Noticed Blork the orc
  4561 | D:5      | Killed Blork the orc
  4642 | D:5      | Reached skill level 1 in Stealth
  4648 | D:5      | Killed Dowan
  4656 | D:5      | Killed Duvessa
  5159 | D:6      | Found a sand-covered staircase.
  5165 | Ossuary  | Entered an ossuary
  5237 | Ossuary  | Reached XP level 9. HP: 66/67 MP: 0/0
  5237 | Ossuary  | Learned a level 4 spell: Animate Armour
  6064 | D:6      | Found a hazy altar of Hepliaklqana.
  6192 | D:6      | Found an ornate altar of the Wu Jian Council.
  6715 | D:7      | Identified the +1 sling of Oloubb {flame, rPois Str+2
                  | Int-2}
  6744 | D:7      | Noticed a manticore
  6757 | D:7      | Killed a manticore
  6758 | D:7      | Reached skill level 5 in Spellcasting
  6758 | D:7      | Reached skill level 5 in Conjurations
  6758 | D:7      | Reached skill level 5 in Hexes
  6758 | D:7      | Reached skill level 5 in Summonings
  6758 | D:7      | Reached skill level 5 in Necromancy
  6758 | D:7      | Reached skill level 5 in Translocations
  6758 | D:7      | Reached skill level 5 in Transmutations
  6758 | D:7      | Reached skill level 5 in Fire Magic
  6758 | D:7      | Reached skill level 5 in Ice Magic
  6758 | D:7      | Reached skill level 5 in Air Magic
  6758 | D:7      | Reached skill level 5 in Earth Magic
  6758 | D:7      | Reached skill level 5 in Poison Magic
  6758 | D:7      | Reached XP level 10. HP: 55/76 MP: 0/0
  7193 | D:7      | Found a broken altar of Ashenzari.
  7435 | D:7      | Found a shimmering altar of Xom.
  7637 | D:7      | Found Edaunont's Assorted Antiques.
  7668 | D:7      | Bought a scroll of vulnerability for 72 gold pieces
  7668 | D:7      | Bought a scroll of revelation for 135 gold pieces
  7696 | D:7      | Bought a scroll of identify for 36 gold pieces
  7696 | D:7      | Bought a scroll of identify for 36 gold pieces
  7823 | D:7      | Found a staircase to the Ecumenical Temple.
  7895 | Temple   | Entered the Ecumenical Temple
  8027 | Temple   | Became a worshipper of Gozag Ym Sagoz the Greedy
  8264 | D:8      | HP: 3/115 [wight/+5 halberd (5)]
  8265 | D:8      | HP: 1/115 [wight/+0 hand axe (3)]
  8265 | D:8      | Mangled by a wight

Illustrated notes

Levels and vault maps discovered:
D:1:      minmay_arrival_radiant_lines, layout_rooms, st_stairs_9,
          kennysheep_crisscross, minmay_tree_intersection
D:2:      layout_loops_corners, basic_altar, serial_aquarium,
          aquarium_bridge_square [aquarium_subvault_bridge,
          aquarium_subvault_bridge, aquarium_subvault_bridge,
          aquarium_subvault_wall], aquarium_bridge_square
          [aquarium_subvault_bridge, aquarium_subvault_window,
          aquarium_subvault_wall, aquarium_subvault_wall], aquarium_window_1,
          aquarium_window_corridor_2, aquarium_window_corner, aquarium_view_2e,
          aquarium_balcony_3a, serial_bayou_crossing
D:3:      layout_basic, serial_rivers, chequers_serial_rivers_large_a,
          chequers_serial_rivers_room_b, chequers_serial_rivers_marsh,
          chequers_serial_rivers_room_b, chequers_serial_rivers_small_3,
          chequers_serial_rivers_room_b
D:4:      layout_cave_pools, moated_statue, uniq_crazy_yiuf_cottage,
          uniq_natasha, uniq_menkaure
D:5:      layout_cave_pods, palyth_temple_overflow_mages, uniq_duvessa,
          uniq_blork_the_orc
D:6:      layout_cave_pods, worldfamousw_hep_ancestral_shrine,
          nicolae_wu_jian_immortal_techniques, enter_ossuary_5,
          bh_walls_and_bars
D:7:      layout_loops_corners, xom_teletrap_fun, minmay_temple_entry_overgrown,
          serial_shops, shop, minmay_ruined_shrine
D:8:      layout_loops_ring, chequers_temple_overflow_statue_of_worship,
          uniq_erica
Temple:   nicolae_temple_figure_zero

Skill      XL: |  1  2  3  4  5  6  7  8  9 10 |
---------------+-------------------------------+-----
Long Blades    | 3 4 5 6 7 8 |  8.4
Spellcasting   | 3 4 5 |  5.3
Conjurations   | 3 4 5 |  5.3
Hexes          | 3 4 5 |  5.3
Summonings     | 3 4 5 |  5.3
Necromancy     | 3 4 5 |  5.3
Translocations | 3 4 5 |  5.3
Transmutations | 3 4 5 |  5.3
Fire Magic     | 3 4 5 |  5.3
Ice Magic      | 3 4 5 |  5.3
Air Magic      | 3 4 5 |  5.3
Earth Magic    | 3 4 5 |  5.3
Poison Magic   | 3 4 5 |  5.3
Fighting       | 3 4 5 6 7 8 |  8.9
Stealth        | 1 3 4 |  4.2
Dodging        | |  2.1

Action                     |  1- 3 |  4- 6 |  7- 9 | 10-12 || total
---------------------------+-------+-------+-------+-------++-------
  Melee: Falchion          |   114 |    77 |       |       ||   191
         Punch             |     2 |       |       |       ||     2
         Long sword        |       |    22 |    70 |       ||    92
         Scimitar          |       |       |   192 |    77 ||   269
   Cast: Magic Dart        |       |     8 |       |       ||     8
         Ensorcelled Hiber |       |       |    25 |     1 ||    26
    Use: Potion            |     2 |       |     3 |     1 ||     6
         Scroll            |       |       |    21 |     3 ||    24
   Stab: Sleeping          |     1 |       |    19 |     1 ||    21
 Armour: Leather armour    |    34 |    27 |    39 |       ||   100
         Ring mail         |       |       |    67 |    12 ||    79
  Dodge: Dodged            |    70 |    51 |   146 |    34 ||   301

Table legend: (Time is in decaauts)
 A = Elapsed time spent in this place.
 B = Non-inter-level travel time spent in this place.
 C = Inter-level travel time spent in this place.
 D = Time resting spent in this place.
 E = Time spent auto-exploring this place.
 F = Levels seen in this place.
 G = Mean time per level.
                   A        B        C        D        E       F      G
               +--------+--------+--------+--------+--------+-----+--------+
         Total |   8323 |   8076 |    247 |   1333 |   5170 |  10 |  832.3 |
       Dungeon |   7854 |   7633 |    221 |   1333 |   4911 |   8 |  981.8 |
        Temple |    141 |    115 |     26 |      0 |    113 |   1 |  141.0 |
       Ossuary |    327 |    327 |      0 |      0 |    146 |   1 |  327.0 |
               +--------+--------+--------+--------+--------+-----+--------+

Top non-repeatable levels by time:
     D:7: 1416 daAuts
     D:5: 1297 daAuts
     D:4: 1169 daAuts
     D:6: 1166 daAuts
     D:2: 1133 daAuts
     D:3: 842 daAuts
     D:1: 732 daAuts
 Ossuary: 327 daAuts
  Temple: 141 daAuts
     D:8: 97 daAuts
